 Dungeon Crawl Stone Soup version 0.28-a0-998-gb9e9c7b67e (webtiles) character file.

Game seed: 11699809148907497617

73 ytrimaz the Insei (level 4, -7/29 HPs)
             Began as an Octopode Transmuter on Dec 5, 2021.
             Killed from afar by Ijyb (12 damage)
             ... with a puff of flame
             ... on level 2 of the Dungeon.
             The game lasted 00:02:58 (2455 turns).

ytrimaz the Insei (Octopode Transmuter)             Turns: 2455, Time: 00:02:59

Health: -7/29      AC:  2    Str:  9    XL:     4   Next: 27%
Magic:  5/7        EV: 19    Int: 17    God:
Gold:   71         SH:  0    Dex: 17    Spells: 3/7 levels left

rFire   . . .      SeeInvis .     - Unarmed
rCold   . . .      Faith    .   (shield currently unavailable)
rNeg    . . .      Spirit   .   (helmet currently unavailable)
rPois   x          Reflect  .   (no amulet)
rElec   .          Harm     .   (no ring)
rCorr   .          Rampage  .   (no ring)
Will    .....                   (no ring)
Stlth   ++........              (no ring)
HPRegen 0.09/turn               (no ring)
MPRegen 0.10/turn               (no ring)
                                (no ring)
                                (no ring)

@: spider-form (expiring)
A: venomous fangs, almost no armour, (amphibious), 8 rings, tiny, (camouflage
1), (gelatinous body 1), (nimble swimmer 1), (tentacles)
a: End Transformation


You were on level 2 of the Dungeon.
You were a venomous arachnid creature.
You visited 1 branch of the dungeon, and saw 2 of its levels.

You collected 71 gold pieces.

Inventory:

Scrolls
 c - a scroll of noise
 e - a scroll of teleportation {unknown}
 g - a scroll of amnesia
 h - a scroll of fear
Potions
 b - a potion of mutation {unknown}
 d - a potion of heal wounds
 f - a potion of curing {unknown}
 j - 3 potions of berserk rage {unknown}
 k - a potion of lignification {unknown}


   Skills:
 * Level 1.8 Fighting
 + Level 2.3 Dodging
 + Level 3.9 Unarmed Combat
 + Level 2.4 Spellcasting
 + Level 2.3 Transmutations


You had 3 spell levels left.
You knew the following spells:

 Your Spells              Type           Power      Damage    Failure   Level
a - Beastly Appendage     Tmut           20%        N/A       19%         1
b - Spider Form           Tmut/Pois      6%         N/A       56%         3

Your spell library contained the following spells:

 Spells                   Type           Power      Damage    Failure   Level
 Wereblood                Tmut           10%        N/A       26%         2
 Ice Form                 Ice/Tmut       6%         N/A       89%         4


Dungeon Overview and Level Annotations

Branches:
Dungeon (2/15)

Altars:

Shops:
D:2 *[

Annotations:
D:2 Ijyb


Innate Abilities, Weirdness & Mutations

You are a venomous arachnid creature.
You have poisonous fangs.
You are tiny and dextrous.
Your spellcasting is less reliable in this form.
Your armour is entirely melded.
You are incapable of wielding weapons or throwing items.
You cannot wear most types of armour.
((You are amphibious.))
You can wear up to eight rings at the same time.
((Your skin changes colour to match your surroundings (Stealth+).))
((Your rubbery body absorbs attacks. (AC +1, EV +1)))
((You are camouflaged near water. (Stealth+)))
((You have tentacles for arms and can constrict up to eight enemies at once.))


Message History

Unknown command.
Unknown command.
You feel sick.
You feel sick.
You feel sick.
You feel sick.
Things that are here:
a +0 club; a +0 dagger of venom; a goblin corpse You feel sick.
Things that are here:
a +0 dagger; a +0 dagger; a goblin corpse
Casting: Spider Form (extremely dangerous; 34% risk of failure)
Confirm with . or Enter, or press ? or * to list all spells.
The spell is extremely dangerous to miscast (34% risk of failure)!
Continue anyway? [Y]es or [N]o only, please.
The spell is extremely dangerous to miscast (34% risk of failure)!
Continue anyway? [Y]es or [N]o only, please.
The spell is extremely dangerous to miscast (34% risk of failure)!
Continue anyway?
You turn into a venomous arachnid creature.
You feel sick.
You feel sick.
You are no longer poisoned.
Things that are here:
a +0 club; a +0 dagger of venom; a goblin corpse Ijyb shouts!
You hit Ijyb.
Ijyb is lightly wounded.
Ijyb hits you with a +0 club.
You hit Ijyb.
Ijyb is poisoned.
Ijyb is moderately wounded.
Ijyb closely misses you.
You hit Ijyb but do no damage.
Ijyb looks as sick as possible!
Ijyb is moderately wounded.
Your transformation is almost over.
Ijyb zaps a wand.
The puff of flame hits you!
* * * LOW HITPOINT WARNING * * *
You hit Ijyb but do no damage.
Ijyb looks as sick as possible!
Ijyb is moderately wounded.
Ijyb zaps a wand.
The puff of flame hits you!
You die...

#.# ###.#.
#.# #...
#.# ####
#.# ####
#)# #...
#)## #.##
########..#
#.#.
.8.8.8.8..#
#.#.
.......s..#
#.#.
......g...#
#.#.
..........#
#.#.
..........#
#.##
..........#
#...
.8.8.8.8..#
####
###########


You could see Ijyb (extremely poisoned).

Vanquished Creatures
  An adder (D:2)
  2 worms (D:2)
  6 ball pythons
  3 bats (D:1)
  6 endoplasms
  A giant cockroach (D:1)
  8 goblins
  4 hobgoblins
  4 jackals (D:1)
  3 kobolds
  2 quokkas (D:1)
  5 frilled lizards
  6 rats
51 creatures vanquished.

Vanquished Creatures (others)
  2 plants (D:2)
2 creatures vanquished.

Grand Total: 53 creatures vanquished

Notes
Turn   | Place    | Note
-------+----------+-------------------------------------------
     0 | D:1      | ytrimaz the Octopode Transmuter began the quest for the
                  | Orb.
     0 | D:1      | Reached XP level 1. HP: 13/13 MP: 3/3
    57 | D:1      | Reached XP level 2. HP: 10/18 MP: 5/5
   638 | D:1      | Found a faded altar of an unknown god.
   668 | D:1      | Reached XP level 3. HP: 12/23 MP: 4/6
  2015 | D:2      | Reached XP level 4. HP: 26/29 MP: 5/7
  2127 | D:2      | Found Huzufiusk's Assorted Antiques.
  2155 | D:2      | Found Udozox's Antique Armour Emporium.
  2316 | D:2      | Noticed Ijyb
  2414 | D:2      | Learned a level 3 spell: Spider Form
  2455 | D:2      | Killed from afar by Ijyb

Illustrated notes

Levels and vault maps discovered:
D:1:      minmay_arrival_jagged, layout_basic, shapermc_ecumenical_altar_venn
D:2:      kennysheep_the_goblin_king, layout_basic, serial_shops,
          nicolae_shop_crystal, nicolae_shop_overgrown_old_shop,
          roderic_roman_lattice, wander_ebering_terrifying_dragon_lair

Action                   |  1- 3 |  4- 6 || total
-------------------------+-------+-------++-------
Melee: Unarmed           |    92 |    28 ||   120
       Constrict         |    19 |     4 ||    23
       Tentacles         |    13 |     4 ||    17
       Kick              |    13 |     3 ||    16
       Punch             |     2 |       ||     2
 Cast: Beastly Appendage |    20 |     1 ||    21
       Spider Form       |       |     2 ||     2
  Use: Scroll            |     2 |     3 ||     5
       Potion            |     1 |     2 ||     3
 Stab: Sleeping          |     2 |       ||     2
Armor: Skin              |     8 |     2 ||    10
Dodge: Dodged            |    65 |    10 ||    75

Table legend: (Time is in decaauts)
 A = Elapsed time spent in this place.
 B = Non-inter-level travel time spent in this place.
 C = Inter-level travel time spent in this place.
 D = Time resting spent in this place.
 E = Time spent auto-exploring this place.
 F = Levels seen in this place.
 G = Mean time per level.
                   A        B        C        D        E       F      G
               +--------+--------+--------+--------+--------+-----+--------+
         Total |   2447 |   2415 |     32 |    217 |   1802 |   2 | 1223.5 |
       Dungeon |   2447 |   2415 |     32 |    217 |   1802 |   2 | 1223.5 |
               +--------+--------+--------+--------+--------+-----+--------+

Top non-repeatable levels by time:
     D:1: 1592 daAuts
     D:2: 855 daAuts
